 Dungeon Crawl Stone Soup version 0.32-a0-768-g0f6f1dd4b9 (webtiles) character file.

Game seed: 5054611811178270134

27 Xavori the Trooper (level 3, 25/25 (30) HPs)
             Began as a Djinni Chaos Knight on Mar 19, 2024.
             Was a Plaything of Xom.
             Quit the game on level 1 of the Dungeon.
             The game lasted 00:01:34 (10470 turns).

Xavori the Trooper (Djinni Chaos Knight)           Turns: 10470, Time: 00:01:35

HP:   25/25 (30)    AC:  5    Str:  6 (11) XL:     3   Next: 25%
Gold: 1141          EV: 10    Int: 12 (13) God:    Xom [..*...] SH:  0 Dex: 14

rFire   + + .        a - +0 falchion (chaos)
rCold   x . .        (no shield)
rNeg    . . .        b - +2 leather armour
rPois   ∞            f - +0 helmet
rElec   .            (no cloak)
rCorr   .            (no gloves)
SInv    .            (boots unavailable)
Will    .....        (no amulet)
Stlth   +            (no ring)
HPRegen 0.24/turn    (no ring)
MPRegen 0.00/turn

%: no passive effects
@: flying, heavily drained
A: sickness immunity, fire resistance 2, cold vulnerability 1, float, innate
caster, HP casting, extra vitality 1, deformed body, shaggy fur 1, wild magic 2,
no potion heal 1, MP-powered wands
a: Renounce Religion


You were on level 1 of the Dungeon.
You worshipped Xom.
You were a toy of Xom.
You visited 1 branch of the dungeon, and saw 2 of its levels.

You collected 1141 gold pieces.

Inventory:

Hand Weapons
 a - a +0 falchion of chaos (weapon)
Armour
 b - a +2 leather armour (worn)
 f - a +0 helmet (worn)
Wands
 h - a wand of iceblast (3)
Scrolls
 c - a scroll of butterflies
 d - a scroll of fear {unknown}
 e - a scroll of teleportation {unknown}
 g - a scroll of silence {unknown}
 k - a scroll of vulnerability {unknown}
Potions
 i - 2 potions of attraction {unknown}
 j - a potion of heal wounds {unknown}


   Skills:
 + Level 3.2 Fighting
 + Level 2.9 Long Blades
 + Level 1.4 Armour
 + Level 2.5 Dodging
 * Level 1.0 Spellcasting
 * Level 1.0 Conjurations
 * Level 1.0 Hexes
   Level 0.0 Charms
 * Level 1.0 Summonings
 * Level 1.0 Necromancy
 * Level 1.0 Translocations
   Level 0.0 Transmutations
 * Level 1.0 Fire Magic
 * Level 1.0 Ice Magic
 * Level 1.0 Air Magic
 * Level 1.0 Earth Magic
 * Level 1.0 Alchemy


You knew the following spells:

 Your Spells              Type           Power      Damage    Failure   Level
a - Foxfire               Conj/Fire      20%        2x1d5     47%         1
Your spell library was empty.

Dungeon Overview and Level Annotations

Branches:
Dungeon (2/15)

Altars:
Xom


Innate Abilities, Weirdness & Mutations

You are immune to sickness and miasma.
You are immune to poison.
Your flesh is very heat resistant. (rF++)
You are vulnerable to cold. (rC-)
You float through the air rather than walking.
You learn spells naturally, not from books.
Your magical power is your life essence.
You have superior vitality. (+4 MHP)
Armour fits poorly on your strangely shaped body.
You are covered in fur. (AC +1)
Your spells are harder to cast, but more powerful.
Potions are less effective at restoring your health.
You expend health (3 HP) to strengthen your wands.


Message History

You start waiting.
Done waiting.
You start waiting.
You start waiting.
You start waiting.
You start waiting.
Xom smirks.
You detect nothing.
You start waiting.
You start waiting.
You start waiting.
Done waiting.
You start waiting.
You start waiting.
You are now Xom's teddy bear.
You start waiting.
You start waiting.
You start waiting.
You start waiting.
You start waiting. "Just a minor improvement..."
You start waiting.
You start waiting.
Done waiting.
You start waiting. "This place needs a little more atmosphere."
You start waiting.
Done waiting.
You start waiting.
Your trail of clouds dissipates.
You start waiting. "Go forth and redecorate, my child!"
You start waiting.
Your trail of clouds dissipates.
You start waiting. "Let me alter your pitiful body."
Your body is suffused with distortional energy.
You feel your magical essence link to the dungeon's wands.
You are now a toy of Xom.
Are you sure you want to abandon this character and quit the game? (Confirm with "yes".)

#.......#.###.................
#.......#.#.......###..####...
#.......'.#.....#.# #..# #...
#.......###..#.##.###..####...
###.####.......##...#.....#..#
#.# #.##....####.......#...
#.# #.##_..........##..##.#
#.# #.##...####........##..
#.# #.....@# #.....##)...#
###.#######.#.# ##....(...#.#
#...........#.########.###.#.#
####...#########..........#
#...# #......# ##..########
##### #.##...# ##.######## ###
#......# ##..##....# #..
#......# #....#....# #..
#.._...# #....#..[.# #..


There were no monsters in sight!

Vanquished Creatures
  A dart slug (D:1)
  4 endoplasms (D:1)
  2 giant cockroaches (D:1)
  A goblin (D:1)
  2 hobgoblins (D:1)
  6 kobolds (D:1)
  3 ball pythons
  3 bats
  2 frilled lizards (D:1)
24 creatures vanquished.

Notes
Turn   | Place    | Note
-------+----------+-------------------------------------------
     0 | D:1      | Xavori the Djinni Chaos Knight began the quest for the Orb.
     0 | D:1      | Reached XP level 1. HP: 20/20 MP: 0/0
   306 | D:1      | Reached XP level 2. HP: 22/25 MP: 0/0
   417 | D:1      | XOM: 4-stop teleportation journey
   551 | D:1      | Found a faded altar of an unknown god.
   594 | D:1      | Reached XP level 3. HP: 30/30 MP: 0/0
   594 | D:1      | Learned a level 1 spell: Foxfire
   600 | D:1      | Reached skill level 1 in Spellcasting
   600 | D:1      | Reached skill level 1 in Conjurations
   600 | D:1      | Reached skill level 1 in Hexes
   600 | D:1      | Reached skill level 1 in Summonings
   600 | D:1      | Reached skill level 1 in Necromancy
   600 | D:1      | Reached skill level 1 in Translocations
   600 | D:1      | Reached skill level 1 in Fire Magic
   600 | D:1      | Reached skill level 1 in Ice Magic
   600 | D:1      | Reached skill level 1 in Air Magic
   600 | D:1      | Reached skill level 1 in Earth Magic
   600 | D:1      | Reached skill level 1 in Alchemy
   716 | D:1      | XOM: stat loss: -1 Int (12/13)
   754 | D:1      | XOM: draining
  1118 | D:1      | XOM: god gift: 1080 gold pieces
  2320 | D:1      | XOM: god gift: bone wand {god gift}
  3247 | D:1      | XOM: silly message
  3492 | D:1      | XOM: silly message
  4433 | D:1      | XOM is BORED!
  4698 | D:1      | XOM: torment (14/25 hp)
  5667 | D:1      | XOM is BORED!
  5667 | D:1      | XOM: stat loss: -3 Str (8/11)
  6392 | D:1      | XOM: stat loss: -1 Str (7/11)
  6437 | D:1      | XOM is BORED!
  6437 | D:1      | XOM: give mutations
  6437 | D:1      | Gained mutation: Armour fits poorly on your strangely
                  | shaped body. [Xom's mischief]
  6437 | D:1      | Gained mutation: Potions are less effective at restoring
                  | your health. [Xom's mischief]
  6437 | D:1      | Gained mutation: Your spells are a little harder to cast,
                  | but a little more powerful. [Xom's mischief]
  6563 | D:1      | XOM: give mutations
  6563 | D:1      | Gained mutation: You are covered in fur. (AC +1) [Xom's
                  | grace]
  6563 | D:1      | Gained mutation: Your spells are harder to cast, but more
                  | powerful. [Xom's grace]
  6805 | D:1      | XOM: god gift: plate armour {god gift}
  6980 | D:1      | XOM: god gift: 6 atropa-tipped darts
  7034 | D:1      | XOM: summons 1 hostile demon
  7085 | D:2      | XOM: stat loss: -1 Str (6/11)
  7593 | D:1      | XOM: scenery: 1 doors open
  7823 | D:1      | XOM: god gift: leather armour {god gift}
  7966 | D:1      | XOM: 1-stop teleportation journey
  8665 | D:1      | XOM: divination: detect items
  8924 | D:1      | XOM: god gift: plate armour {god gift}
  9344 | D:1      | XOM: divination: detect creatures
  9974 | D:1      | XOM: scenery: create altars
 10207 | D:1      | XOM: cloud trail
 10380 | D:1      | XOM: cloud trail
 10469 | D:1      | XOM: give mutation
 10469 | D:1      | Gained mutation: You expend health (3 HP) to strengthen
                  | your wands. [Xom's grace]
 10470 | D:1      | Quit the game

Illustrated notes

Levels and vault maps discovered:
D:1:      erik_arrival_triangle_small, layout_basic,
          ebering_ecumenical_altar_sacrificial
D:2:      layout_rooms, cheibrodos_gnoll_hut, uniq_natasha, uniq_sigmund

Skill      XL: |  1  2  3 |
---------------+----------+-----
Spellcasting   | 1 |  1.0
Conjurations   | 1 |  1.0
Hexes          | 1 |  1.0
Summonings     | 1 |  1.0
Necromancy     | 1 |  1.0
Translocations | 1 |  1.0
Fire Magic     | 1 |  1.0
Ice Magic      | 1 |  1.0
Air Magic      | 1 |  1.0
Earth Magic    | 1 |  1.0
Alchemy        | 1 |  1.0
Fighting       | |  3.2
Long Blades    | |  2.9
Armour         | |  1.4
Dodging        | |  2.5

Action                     || total
---------------------------++-------
  Melee: Falchion          ||    75
 Armour: Leather armour    ||    65
  Dodge: Dodged            ||    53

Table legend: (Time is in decaauts)
 A = Elapsed time spent in this place.
 B = Non-inter-level travel time spent in this place.
 C = Inter-level travel time spent in this place.
 D = Time resting spent in this place.
 E = Time spent auto-exploring this place.
 F = Levels seen in this place.
 G = Mean time per level.
                   A        B        C        D        E       F      G
               +--------+--------+--------+--------+--------+-----+--------+
         Total |  10482 |  10455 |     27 |   9618 |    627 |   2 | 5241.0 |
       Dungeon |  10482 |  10455 |     27 |   9618 |    627 |   2 | 5241.0 |
               +--------+--------+--------+--------+--------+-----+--------+

Top non-repeatable levels by time:
     D:1: 10208 daAuts
     D:2: 274 daAuts
